[Event "Titled Tuesday Blitz May 31 Late 2022"]
[White "Araujo Sanchez, Josue"]
[Black "Zherebtsova, Alexandra"]
[WhiteFideId "6416896"]
[BlackFideId "24129518"]
[WhiteElo "2339"]
[BlackElo "2025"]
[Result "0-1"]
[Round "02"]
[TimeControl "180+1"]
[Date "2022.06.01"]
[WhiteClock "0:00:28"]
[BlackClock "0:00:05"]

1. e4 e5 2. Nf3 Nc6 3. Bb5 a6 4. Ba4 Nf6 5. Bxc6 dxc6 6. d3 Nd7 7. Be3 Bd6 8. Nbd2 O-O 9. O-O Re8 10. d4 exd4 11. Bxd4 Bf8 12. Re1 c5 13. Bc3 Nf6 14. h3 b6 15. Ne5 Bb7 16. f4 b5 17. b3 Qd6 18. Qe2 Rad8 19. Rad1 Qb6 20. Kh2 Qa7 21. g4 Qa8 22. g5 Nxe4 23. Nxe4 Rxd1 24. Nf6+ gxf6 25. gxf6 Rxe5 26. fxe5 Rxe1 27. Qxe1 Qc8 28. Qg3+ Kh8 29. Qd3 Qe6 30. Qd8 Kg8 31. Qd3 Qd5 32. Qg3+ Kh8 33. Qf2 Qh1+ 34. Kg3 Qe4 35. a3 b4 36. axb4 cxb4 37. Bd4 Bh6 38. h4 Qg6+ 39. Kh3 Qe4 40. Kg3 Qg6+ 41. Kh3 Bc8+ 42. Kh2 Qe4 43. Bb2 Bf4+ 44. Kg1 Qg6+ 45. Kf1 Qg4 46. Qd4 Qf3+ 47. Ke1 Qe3+ 48. Qxe3 Bxe3 49. Ke2 Bc5 50. Kd3 Be6 51. Ke4 h5 52. Bc1 Kg8 53. Bh6 Kh7 54. Bd2 Kg6 55. Bg5 Bf2 56. Kd3 c6 57. Ke4 Bf5+ 58. Kf3 Be1 59. Ke2 Bc3 60. Kd1 Be6 61. Bf4 Kf5 0-1


[Site "https://www.chess.com"]

[Event "Titled Tuesday Blitz May 31 Late 2022"]
[White "Barria Zuniga, Daniel"]
[Black "Terry, Renato"]
[WhiteFideId "3400816"]
[BlackFideId "3803457"]
[WhiteElo "2414"]
[BlackElo "2577"]
[Result "0-1"]
[Round "02"]
[TimeControl "180+1"]
[Date "2022.05.31"]
[WhiteClock "0:00:15"]
[BlackClock "0:00:38"]

1. d4 d5 2. c4 c6 3. Nf3 Nf6 4. Nc3 a6 5. cxd5 cxd5 6. Bf4 Nc6 7. Rc1 e6 8. e3 Qb6 9. Bd3 Qxb2 10. O-O Ba3 11. e4 dxe4 12. Nxe4 Nd5 13. Bd6 Qxc1 14. Qa4 Nc3 15. Rxc1 Nxa4 16. Bxa3 f6 17. Nd6+ Kd7 18. d5 exd5 19. Bf5+ Kc7 20. Nxc8 Raxc8 21. Bxc8 Rxc8 22. Kf1 Kd7 23. h4 Ne5 24. Rd1 Nc3 25. Rd2 Nxf3 26. gxf3 Ke6 27. Bb2 Rc4 28. Rd3 Nb5 29. Re3+ Kf7 30. Rd3 Nc7 31. Rb3 b5 32. Ra3 Rxh4 0-1


[Site "https://www.chess.com"]

[Event "Titled Tuesday Blitz May 31 Late 2022"]
[White "Bas Mas, Jose Joaquin"]
[Black "Darini, Pouria"]
[WhiteFideId "22219064"]
[BlackFideId "12502200"]
[WhiteElo "2233"]
[BlackElo "2483"]
[Result "0-1"]
[Round "02"]
[TimeControl "180+1"]
[Date "2022.06.01"]
[WhiteClock "0:00:15"]
[BlackClock "0:00:21"]

1. e4 c5 2. Nc3 Nc6 3. Bb5 Nd4 4. Nf3 Nxb5 5. Nxb5 a6 6. Nc3 e6 7. d4 cxd4 8. Qxd4 b5 9. O-O Bb7 10. a4 b4 11. Ne2 Nf6 12. Bg5 h6 13. Bxf6 Qxf6 14. Qxf6 gxf6 15. Nd2 Bc5 16. c4 bxc3 17. Nxc3 Rb8 18. Rfc1 Bd4 19. Rc2 Bc6 20. b3 Ke7 21. Rd1 Rhc8 22. Ne2 Ba7 23. Kf1 Ba8 24. Rdc1 Rxc2 25. Rxc2 Bc6 26. g4 Rb4 27. f3 Be3 28. Ke1 Bxd2+ 29. Kxd2 Rxb3 30. Nd4 Ra3 31. Nxc6+ dxc6 32. Rxc6 Rxa4 33. Rc7+ Kf8 34. Rc3 Ra2+ 35. Ke3 Ke7 36. Rc7+ Ke8 37. Rc3 Ra4 38. h4 Ra5 39. h5 Ra4 40. Rb3 a5 41. Rb8+ Ke7 42. Rb7+ Kf8 43. Rb8+ Kg7 44. Rb3 Ra1 45. Rb8 Ra3+ 46. Ke2 a4 47. Ra8 Ra2+ 48. Ke3 Ra1 49. Kf4 Ra3 50. Kg3 Ra2 51. Kf4 Ra1 52. Kg3 f5 53. exf5 exf5 54. gxf5 Kf6 55. Ra6+ Kg5 56. f4+ Kxh5 57. Ra7 Ra3+ 58. Kg2 Kg4 59. Rxf7 Ra2+ 60. Kf1 a3 61. f6 Rb2 62. Rg7+ Kf3 63. f7 Rb1# 0-1


[Site "https://www.chess.com"]

[Event "Titled Tuesday Blitz May 31 Late 2022"]
[White "Bilan, Danila"]
[Black "Bazeev, German"]
[WhiteFideId "24161918"]
[BlackFideId "24119350"]
[WhiteElo "2164"]
[BlackElo "2493"]
[Result "0-1"]
[Round "02"]
[TimeControl "180+1"]
[Date "2022.05.31"]
[WhiteClock "0:00:01"]
[BlackClock "0:01:18"]

1. d4 Nf6 2. Nf3 e6 3. g3 b6 4. Bg2 Bb7 5. O-O Be7 6. c4 O-O 7. d5 exd5 8. Nh4 c5 9. cxd5 d6 10. Nf5 Nbd7 11. Nc3 Re8 12. Nxe7+ Qxe7 13. e4 Ba6 14. Re1 Ne5 15. f4 Nd3 16. Re3 c4 17. e5 dxe5 18. fxe5 Qc5 19. Kf1 Rxe5 20. Rf3 Ng4 21. Rxd3 Qf2# 0-1


[Site "https://www.chess.com"]

[Event "Titled Tuesday Blitz May 31 Late 2022"]
[White "Boder, Jan"]
[Black "Lashkin, Jegor"]
[WhiteFideId "16243226"]
[BlackFideId "13907808"]
[WhiteElo "2064"]
[BlackElo "2368"]
[Result "0-1"]
[Round "02"]
[TimeControl "180+1"]
[Date "2022.06.01"]
[WhiteClock "0:00:15"]
[BlackClock "0:00:30"]

1. b3 d5 2. Bb2 Nf6 3. e3 c5 4. f4 g6 5. Nf3 Bg7 6. Bb5+ Bd7 7. Nc3 Nc6 8. O-O O-O 9. Na4 b6 10. Qe2 d4 11. exd4 cxd4 12. Bxc6 Bxc6 13. Nxd4 Bxa4 14. bxa4 Rc8 15. Rae1 Nd5 16. Ba1 e6 17. Nxe6 fxe6 18. Bxg7 Kxg7 19. Qxe6 Re8 20. Qg4 Nf6 21. Qh4 Qd4+ 22. Kh1 Rxe1 23. Rxe1 Rxc2 24. h3 Rc7 25. Qg5 Qxd2 26. Re6 Rf7 27. Qe5 Qc1+ 28. Kh2 Qc5 29. Qb2 Qf5 30. Qe5 Qxe5 31. fxe5 Nd7 32. a5 bxa5 33. Ra6 Nxe5 34. Rxa5 Nc6 35. Rc5 Rf6 36. a4 Kf7 37. a5 a6 38. Rd5 Ke7 39. h4 Rf5 40. Rd2 Rxa5 41. Rb2 Rb5 42. Rc2 Kd6 43. Rf2 Rb7 44. Rf6+ Kc5 45. h5 gxh5 46. Rh6 a5 47. Rxh5+ Kb6 48. Rd5 a4 49. Rd3 Ra7 50. Ra3 Kb5 51. Kg3 Kb4 52. Ra1 a3 53. Kg4 a2 54. Kf5 Nd4+ 55. Ke4 Nb3 56. Rh1 a1=Q 57. Rxa1 Rxa1 58. Kf5 Rg1 59. g4 Nd4+ 60. Kg5 Kc4 61. Kh6 Rxg4 62. Kxh7 Nf5 63. Kh8 Kd5 64. Kh7 Ke6 65. Kh8 Kf7 66. Kh7 Rh4# 0-1


[Site "https://www.chess.com"]

[Event "Titled Tuesday Blitz May 31 Late 2022"]
[White "Bortnyk, Olexandr"]
[Black "Christiansen, Johan-Sebastian"]
[WhiteFideId "14120828"]
[BlackFideId "1512668"]
[WhiteElo "2723"]
[BlackElo "2513"]
[Result "1-0"]
[Round "02"]
[TimeControl "180+1"]
[Date "2022.05.31"]
[WhiteClock "0:00:05"]
[BlackClock "0:00:02"]

1. d4 Nf6 2. Nc3 e6 3. Bf4 Bb4 4. e3 d5 5. Bd3 c5 6. dxc5 Nbd7 7. Nf3 Nxc5 8. O-O O-O 9. Qe2 Re8 10. Rfd1 Bxc3 11. bxc3 Nfe4 12. Qe1 Bd7 13. c4 Nxd3 14. cxd3 Nc5 15. cxd5 exd5 16. d4 Ne4 17. Rdc1 Rc8 18. Ne5 Be6 19. Qb4 f6 20. Nd3 b6 21. f3 Rc4 22. Qa3 Nd2 23. Rd1 Rc2 24. Qxa7 g5 25. Bg3 Nc4 26. Nb4 Rb2 27. Nd3 Rc2 28. Re1 Bf5 29. Nb4 Rb2 30. Nc6 Qd7 31. Qxd7 Bxd7 32. Nb8 Bf5 33. Na6 Rxe3 34. Nc7 Ree2 35. Nxd5 Kg7 36. Kh1 Rxg2 37. Re7+ Kg6 38. Rc7 Bh3 39. Ne7+ Kh5 40. Nd5 Kg6 41. Rxc4 Rge2 42. Rc6 Bg2+ 43. Kg1 Kh5 44. Rxf6 Bh3 45. Rf7 Kh6 46. Rf6+ Kh5 47. Rf7 Rg2+ 48. Kh1 Kg6 49. Rf6+ Kh5 50. Rf8 Rge2 51. Nf6+ Kg6 52. Ng4 Bg2+ 53. Kg1 Bh3 54. Ne5+ Kg7 55. Rf7+ Kg8 56. Rc1 Rg2+ 57. Kh1 Rgc2 58. Re1 Re2 59. Rc7 Rxe1+ 60. Bxe1 Rb1 61. Nd3 Rd1 62. Rc3 Bf1 63. Ne5 Rxe1 64. Kg1 Ba6+ 65. Kf2 Rf1+ 66. Kg2 Ra1 67. Ra3 Bf1+ 68. Kg3 b5 69. Ra8+ Kg7 70. Kg4 Kf6 71. Ra6+ Ke7 72. Kxg5 Bc4 73. Nxc4 bxc4 74. h4 c3 75. Rc6 Rxa2 76. Rxc3 Rd2 77. Rc7+ Ke6 78. Rxh7 Rxd4 79. f4 Rd5+ 80. Kg6 Rd1 81. f5+ Kd6 82. Kf6 Ra1 83. h5 Ra8 84. h6 Rf8+ 85. Rf7 Rh8 86. h7 Re8 87. Kg7 Re1 88. h8=Q 1-0


[Site "https://www.chess.com"]

[Event "Titled Tuesday Blitz May 31 Late 2022"]
[White "De La Colina, Nicolas"]
[Black "Matlakov, Maxim"]
[WhiteFideId "30946921"]
[BlackFideId "4168003"]
[WhiteElo "2046"]
[BlackElo "2669"]
[Result "1-0"]
[Round "02"]
[TimeControl "180+1"]
[Date "2022.05.31"]
[WhiteClock "0:01:34"]
[BlackClock "0:01:09"]

1. e4 c5 2. c3 e6 3. Nf3 d5 4. exd5 exd5 5. d4 Nc6 6. Bb5 Bd6 7. O-O Ne7 8. Nbd2 cxd4 9. Nxd4 O-O 10. N2f3 h6 11. Re1 a6 12. Bd3 Bg4 13. Be2 Re8 14. Be3 Bc7 15. g3 Qd7 16. Bf1 Nxd4 17. Bxd4 Nc6 18. Bg2 Qf5 19. Re3 Rxe3 20. fxe3 Re8 21. Qf1 Qh5 22. Re1 Bf5 23. Qf2 Be4 24. Nd2 Bxg2 25. Qxg2 Nxd4 26. cxd4 Ba5 27. Qe2 Qxe2 28. Rxe2 Bxd2 29. Rxd2 Rxe3 30. Rc2 Rd3 31. Rc8+ 1-0


[Site "https://www.chess.com"]

[Event "Titled Tuesday Blitz May 31 Late 2022"]
[White "De Souza, Cristiano Gomes"]
[Black "Leiva, Gianmarco"]
[WhiteFideId "2151758"]
[BlackFideId "3804399"]
[WhiteElo "2068"]
[BlackElo "2323"]
[Result "0-1"]
[Round "02"]
[TimeControl "180+1"]
[Date "2022.06.01"]
[WhiteClock "0:00:09"]
[BlackClock "0:00:12"]

1. d4 Nf6 2. c4 e6 3. Nf3 d5 4. Nc3 a6 5. Bg5 dxc4 6. a4 c5 7. e3 Nc6 8. Bxc4 cxd4 9. Nxd4 Bd7 10. O-O Be7 11. Rc1 O-O 12. b3 Rc8 13. Qe2 Qa5 14. Bxf6 Bxf6 15. Rfd1 Ne5 16. Ne4 Be7 17. Nf3 Bc6 18. Nxe5 Qxe5 19. Ng3 g6 20. Rc2 h5 21. f4 Qa5 22. Qd2 Qb6 23. Be2 Qxb3 24. Rdc1 Rfd8 25. Qc3 Qxc3 26. Rxc3 Bd7 27. Rxc8 Rxc8 28. Rxc8+ Bxc8 29. Ne4 Bd7 30. Bd1 Bc6 31. Nd2 Bc5 32. Kf2 Kf8 33. Nc4 Ke7 34. Bc2 b5 35. axb5 axb5 36. Ne5 Bd5 37. g3 b4 38. h3 b3 39. Bb1 Bd6 40. Nf3 Bc7 41. Nd2 Ba5 42. Ne4 Kd8 43. Ke2 Bc4+ 44. Kf2 Bb4 45. Ng5 Ke8 46. Nf3 Ke7 47. g4 hxg4 48. hxg4 Bd5 49. e4 Bc5+ 50. Kg3 Bc4 51. Nd2 Bb5 52. Nxb3 Bb4 53. Nc1 Be1+ 54. Kf3 Bd2 55. Nd3 Bc6 56. Ke2 Bc3 57. Ke3 Ba5 58. Ba2 Bb6+ 59. Ke2 Bxe4 60. Ne5 Bc7 61. Nxf7 Kxf7 62. Bxe6+ Kxe6 63. f5+ Bxf5 64. gxf5+ Kxf5 65. Kd3 g5 66. Ke3 g4 67. Kf2 Kf4 68. Kg1 g3 69. Kh1 Kf3 70. Kg1 Bb6+ 71. Kh1 g2+ 0-1


[Site "https://www.chess.com"]

[Event "Titled Tuesday Blitz May 31 Late 2022"]
[White "Diaz Rosas, Julio Cesar"]
[Black "Ivic, Velimir"]
[WhiteFideId "5105099"]
[BlackFideId "950122"]
[WhiteElo "2278"]
[BlackElo "2610"]
[Result "0-1"]
[Round "02"]
[TimeControl "180+1"]
[Date "2022.05.31"]
[WhiteClock "0:00:45"]
[BlackClock "0:01:58"]

1. d4 Nf6 2. Nc3 d5 3. Bf4 Bf5 4. f3 e6 5. g4 Bg6 6. Bg3 Bb4 7. e3 O-O 8. Bd3 c5 9. Ne2 Nc6 10. a3 Ba5 11. dxc5 d4 12. b4 dxc3 13. bxa5 Qxa5 14. Bd6 Rfd8 15. h4 Nd5 16. Kf2 b6 17. Bxg6 hxg6 18. h5 bxc5 19. hxg6 Rxd6 20. Qf1 fxg6 21. Qh3 Kf7 22. Rad1 c4 23. f4 Rad8 24. f5 exf5 25. gxf5 Nde7 26. fxg6+ Rxg6 27. Nf4 Rh6 28. Qg2 Qf5 29. Rxh6 Qxc2+ 30. Kf3 Qxg2+ 0-1


[Site "https://www.chess.com"]

[Event "Titled Tuesday Blitz May 31 Late 2022"]
[White "Djabri,Massinas"]
[Black "Mahdavi, Reza"]
[WhiteFideId "7905726"]
[BlackFideId "12595926"]
[WhiteElo "1941"]
[BlackElo "2253"]
[Result "1/2-1/2"]
[Round "02"]
[TimeControl "180+1"]
[Date "2022.06.01"]
[WhiteClock "0:00:08"]
[BlackClock "0:00:14"]

1. d4 Nf6 2. Bf4 g6 3. e3 Bg7 4. Nf3 O-O 5. h3 d6 6. Be2 Nc6 7. Bh2 Nd7 8. O-O h6 9. c3 e5 10. dxe5 dxe5 11. Nbd2 f5 12. Nc4 Kh7 13. Qc2 Qe7 14. Rfd1 Nb6 15. a4 Nxc4 16. Bxc4 Be6 17. Qe2 a6 18. a5 Rfd8 19. Bg3 Qf7 20. Bxe6 Qxe6 21. Rxd8 Rxd8 22. Rd1 Rxd1+ 23. Qxd1 Nxa5 24. Qd8 Qd6 25. Qc8 b5 26. h4 f4 27. exf4 exf4 28. Bxf4 Qxf4 29. Qxa6 Nc4 30. Qxb5 Ne5 31. Nxe5 Bxe5 32. Qd7+ Bg7 33. g3 Qc1+ 34. Kg2 c5 35. h5 Qc2 36. hxg6+ Qxg6 37. Qb7 Qf5 38. Kg1 h5 39. Kg2 h4 40. gxh4 Qg4+ 41. Kf1 Qxh4 42. Kg2 Qg4+ 43. Kf1 c4 44. Ke1 Kg6 45. Qc6+ Bf6 46. Qe8+ Kg7 47. Qe2 Qf4 48. Qd2 Qe4+ 49. Kd1 Qb1+ 50. Ke2 Kg6 51. f4 Qe4+ 52. Qe3 Qc2+ 53. Qd2 Qb1 54. Kf3 Qf1+ 55. Ke4 Qh1+ 56. Ke3 Kh5 57. Qe2+ Kh6 58. Qxc4 Qc1+ 59. Ke4 Qxb2 60. Kd5 Bxc3 61. Qc6+ Bf6 62. Qc4 Qd2+ 63. Ke6 Bg7 64. Qe4 Qa2+ 65. Kf5 Qf7+ 66. Kg4 Qd7+ 67. Qf5 Qd1+ 68. Kg3 Qg1+ 69. Kf3 Qf1+ 70. Kg4 Qe2+ 71. Kh4 Qe7+ 72. Qg5+ Qxg5+ 73. fxg5+ Kg6 74. Kg3 Bf8 75. Kf3 Be7 76. Kg2 Bxg5 1/2-1/2


[Site "https://www.chess.com"]

[Event "Titled Tuesday Blitz May 31 Late 2022"]
[White "Djokic, Mihailo"]
[Black "Andreikin, Dmitry"]
[WhiteFideId "976440"]
[BlackFideId "4158814"]
[WhiteElo "2202"]
[BlackElo "2736"]
[Result "0-1"]
[Round "02"]
[TimeControl "180+1"]
[Date "2022.05.31"]
[WhiteClock "0:00:02"]
[BlackClock "0:00:08"]

1. e4 c5 2. Nf3 e6 3. d4 cxd4 4. Nxd4 Nc6 5. Nc3 a6 6. Be2 d6 7. O-O Nf6 8. Be3 Be7 9. f4 O-O 10. Kh1 e5 11. Nb3 exf4 12. Bxf4 Be6 13. Nd4 Ne5 14. Nxe6 fxe6 15. Bxe5 dxe5 16. Bc4 Qb6 17. Bb3 Bb4 18. Qe2 Qc6 19. Rf3 Rad8 20. a3 Ba5 21. Qc4 Qxc4 22. Bxc4 Kf7 23. b4 Bb6 24. Rd1 Ke7 25. Rxd8 Rxd8 26. Bd3 Bd4 27. Ne2 Bb2 28. a4 g5 29. h3 h5 30. Rf1 g4 31. h4 Bd4 32. g3 Be3 33. Kg2 Rc8 34. Rb1 Ne8 35. a5 Nd6 36. Rb3 Ba7 37. Nc3 Nc4 38. Nd1 Bd4 39. c3 Ba7 40. Rb1 Nd2 41. Rb2 Nf3 42. Re2 Rd8 43. Bc2 Rc8 44. Bb3 Rc7 45. Bc2 Rd7 46. Bb3 Nd2 47. Bc2 Nc4 48. Bb3 Nd2 49. Bc2 Rd6 50. Nb2 Nf3 51. Nc4 Rc6 52. Bb3 Rc7 53. Kf1 Rd7 54. Ra2 Rd3 55. Rc2 Nd4 56. cxd4 Rxb3 57. Nxe5 Bxd4 58. Ng6+ Kd6 59. Rd2 e5 60. Nf4 Rxg3 61. Nxh5 Rg1+ 62. Ke2 Rh1 63. Ng7 Kc6 64. Nf5 Rh2+ 65. Kd3 Rh3+ 66. Kc2 Bg1 67. Rg2 Bd4 68. Rxg4 Kb5 69. Nxd4+ exd4 70. e5 Kc4 71. e6 Rh2+ 72. Kd1 Kc3 73. e7 d3 0-1


[Site "https://www.chess.com"]

[Event "Titled Tuesday Blitz May 31 Late 2022"]
[White "Donchenko, Alexander"]
[Black "Manukian, Artak"]
[WhiteFideId "24603295"]
[BlackFideId "13301373"]
[WhiteElo "2572"]
[BlackElo "2567"]
[Result "1-0"]
[Round "02"]
[TimeControl "180+1"]
[Date "2022.05.31"]
[WhiteClock "0:02:22"]
[BlackClock "0:02:14"]

1. d4 d5 2. Nf3 Nf6 3. c4 dxc4 4. e3 e6 5. Bxc4 c5 6. O-O a6 7. Nc3 b5 8. Be2 Bb7 9. dxc5 Bxc5 10. Qxd8+ Kxd8 11. Nd2 Ke7 12. Nb3 Ba7 13. Na5 Bd5 14. Nxd5+ Nxd5 15. e4 Nb4 16. a4 N8c6 17. axb5 axb5 18. Nxc6+ Nxc6 19. Bxb5 Bxf2+ 20. Kxf2 Rxa1 21. Bg5+ 1-0


[Site "https://www.chess.com"]

[Event "Titled Tuesday Blitz May 31 Late 2022"]
[White "Drygalov, Andrey"]
[Black "Souleidis, Georgios"]
[WhiteFideId "24171735"]
[BlackFideId "4206827"]
[WhiteElo "2540"]
[BlackElo "2401"]
[Result "1-0"]
[Round "02"]
[TimeControl "180+1"]
[Date "2022.05.31"]
[WhiteClock "0:00:39"]
[BlackClock "0:00:17"]

1. e4 e5 2. Nf3 d6 3. d4 Bg4 4. dxe5 Nd7 5. exd6 Bxd6 6. Be2 Qe7 7. Nc3 O-O-O 8. O-O Ngf6 9. Nd4 Bxe2 10. Qxe2 Qe5 11. Nf3 Qh5 12. h3 Rhe8 13. Re1 h6 14. Nd4 Qe5 15. Nf3 Qh5 16. Nh2 Qg6 17. Nf1 Kb8 18. f3 Nh5 19. Be3 Ng3 20. Qf2 a6 21. Rad1 Nxf1 22. Qxf1 Bg3 23. Bf2 Be5 24. Rd3 Nf8 25. Red1 Rxd3 26. Qxd3 Ne6 27. a3 Nf4 28. Qd8+ Rxd8 29. Rxd8# 1-0


[Site "https://www.chess.com"]

[Event "Titled Tuesday Blitz May 31 Late 2022"]
[White "Fedoseev, Vladimir"]
[Black "Trost, Edvin"]
[WhiteFideId "24130737"]
[BlackFideId "1729519"]
[WhiteElo "2726"]
[BlackElo "2165"]
[Result "1-0"]
[Round "02"]
[TimeControl "180+1"]
[Date "2022.05.31"]
[WhiteClock "0:00:17"]
[BlackClock "0:00:08"]

1. d4 d5 2. Nf3 Nf6 3. Bf4 c5 4. e3 Nc6 5. Nbd2 Bf5 6. c3 e6 7. Be2 Bd6 8. Bg3 O-O 9. Qb3 Na5 10. Qa4 cxd4 11. Bxd6 dxe3 12. fxe3 Qxd6 13. Qxa5 Ng4 14. Nf1 Rac8 15. h3 Nf6 16. Qb4 Qxb4 17. cxb4 Rc2 18. b3 Rb2 19. Ng3 Bg6 20. O-O Ne4 21. Nxe4 dxe4 22. Nd4 e5 23. Bc4 exd4 24. exd4 Rd8 25. d5 b5 26. Bxb5 Rxd5 27. Rfd1 Rxd1+ 28. Rxd1 h5 29. Bc4 Rxa2 30. b5 e3 31. Rd8+ Kh7 32. Re8 Ra1+ 33. Kh2 Re1 34. Re7 e2 35. Kg3 Kh6 36. Kf2 Ra1 37. Kxe2 Ra2+ 38. Kf3 f6 39. Re6 Bc2 40. Ra6 Rb2 41. Ra3 g6 42. Ke3 Bd1 43. Kd4 h4 44. Rxa7 Rxg2 45. b6 Rd2+ 46. Ke3 Rd6 47. b7 Rb6 48. Kd4 Bf3 49. Bd5 Bxd5 50. Kxd5 Rxb3 51. Kc6 Kg5 52. Ra5+ Kf4 53. Rb5 Rc3+ 54. Kd7 Rd3+ 55. Ke7 Re3+ 56. Kxf6 Re8 57. b8=Q+ Rxb8 58. Rxb8 Kg3 59. Rb3+ Kg2 60. Kxg6 Kh2 61. Kg5 Kg2 62. Kxh4 Kf2 63. Kg4 Ke2 64. h4 Kd2 65. Rf3 Kc2 66. h5 Kd2 67. h6 Ke2 68. h7 Kd1 69. h8=Q 1-0


[Site "https://www.chess.com"]

[Event "Titled Tuesday Blitz May 31 Late 2022"]
[White "Fier, Alexandr"]
[Black "Remolar Gallen, Jose"]
[WhiteFideId "2107139"]
[BlackFideId "2215187"]
[WhiteElo "2571"]
[BlackElo "2205"]
[Result "0-1"]
[Round "02"]
[TimeControl "180+1"]
[Date "2022.06.01"]
[WhiteClock "0:00:28"]
[BlackClock "0:00:13"]

1. d4 Nf6 2. Bg5 Ne4 3. Bh4 c5 4. f3 Qa5+ 5. c3 Nf6 6. Nd2 cxd4 7. Nb3 Qb6 8. Qxd4 Nc6 9. Qxb6 axb6 10. e4 d6 11. Bf2 Be6 12. Nd2 Nd7 13. a3 g6 14. Nc4 b5 15. Nd2 b4 16. cxb4 Nxb4 17. Rc1 Nc6 18. Ne2 Bg7 19. Nf4 Bxb2 20. Rb1 Bxa3 21. Nxe6 fxe6 22. Rxb7 Bb4 23. Bb5 Nde5 24. Ke2 O-O 25. Be3 Ra2 26. Rd1 Na5 27. Rxe7 Rb8 28. Re8+ Rxe8 29. Bxe8 Nac4 30. Bb5 d5 31. exd5 exd5 32. Bh6 Kf7 33. Bf4 Ke6 34. h4 h5 35. Bg5 d4 36. Be8 d3+ 37. Ke1 Kd5 38. Bf4 Kd4 39. Bb5 Ne3 40. Bxe5+ Kxe5 41. Bxd3 Nxg2+ 42. Kf2 Nf4 43. Ke3 Bxd2+ 44. Rxd2 Rxd2 45. Kxd2 Nxd3 46. Kxd3 Kf4 47. Ke2 Kg3 48. Ke3 Kxh4 49. Kf4 g5+ 50. Kf5 g4 51. f4 g3 52. Kg6 g2 53. f5 g1=Q+ 54. Kh6 Qf2 55. Kg6 Kg4 56. f6 Qf5+ 57. Kg7 h4 58. f7 h3 59. Kh6 Qf6+ 60. Kh7 Qxf7+ 61. Kh8 Qf8+ 62. Kh7 Qe7+ 63. Kg6 Qa3 64. Kh6 h2 65. Kg6 h1=Q 66. Kf7 Qb1 0-1


[Site "https://www.chess.com"]

[Event "Titled Tuesday Blitz May 31 Late 2022"]
[White "Golubev, Mikhail"]
[Black "Federzoni, Enzo"]
[WhiteFideId "14100983"]
[BlackFideId "2173301"]
[WhiteElo "2374"]
[BlackElo "1956"]
[Result "1/2-1/2"]
[Round "02"]
[TimeControl "180+1"]
[Date "2022.06.01"]
[WhiteClock "0:00:06"]
[BlackClock "0:00:21"]

1. e4 c5 2. Nf3 d6 3. d4 cxd4 4. Nxd4 Nf6 5. Nc3 a6 6. Bc4 e6 7. O-O Nc6 8. Be3 Be7 9. Bb3 O-O 10. f4 Nxd4 11. Bxd4 b5 12. e5 dxe5 13. fxe5 Nd7 14. Ne4 a5 15. Qg4 a4 16. Rxf7 Rxf7 17. Bxe6 Nf8 18. Bxf7+ Kxf7 19. Qf3+ Kg8 20. Nd6 Ra6 21. Qf7+ Kh8 22. Nxc8 Qxd4+ 23. Kh1 Qc4 24. Qxc4 bxc4 25. Nxe7 Re6 26. Nd5 Rxe5 27. Nc3 h5 28. Nxa4 Re2 29. Rc1 Ne6 30. Nc3 Rd2 31. a4 Nf4 32. a5 Nxg2 33. a6 Nf4 34. a7 Rd8 35. Ra1 Ra8 36. Nb5 Nd5 37. b3 cxb3 38. cxb3 g5 39. Rd1 Nb6 40. Rd6 Nc8 41. Rd8+ Kg7 42. Nc7 Rxa7 43. Rxc8 Rb7 44. Ne6+ Kf6 45. Nc5 Rb5 46. Rc6+ Ke5 47. Nd7+ Kf4 48. Rc4+ Kf5 49. Rc3 Kg4 50. Nc5 h4 51. h3+ Kf4 52. Kg2 Ra5 53. Nd3+ Ke3 54. Nf2+ Kd2 55. Rc4 Rb5 56. Rg4 Ke3 57. b4 Ke2 58. Re4+ Kd2 59. Ng4 Rf5 60. Ne3 Rb5 61. Ng4 Rf5 62. Nf2 Rb5 63. Rc4 Rf5 64. Rc5 Rf4 65. Rxg5 Ke2 66. Rg4 Rxf2+ 67. Kg1 Rf1+ 68. Kh2 Kf3 69. Rg2 Rb1 70. Rg4 Rb2+ 71. Kh1 Rb1+ 72. Kh2 Rb2+ 73. Kg1 Rb3 74. Kh1 Rb2 75. Kg1 Ra2 76. Kh1 Rb2 77. Kg1 1/2-1/2


[Site "https://www.chess.com"]

[Event "Titled Tuesday Blitz May 31 Late 2022"]
[White "Grischuk, Alexander"]
[Black "Tatarinov, Dmitry"]
[WhiteFideId "4126025"]
[BlackFideId "24160067"]
[WhiteElo "2762"]
[BlackElo "2302"]
[Result "1-0"]
[Round "02"]
[TimeControl "180+1"]
[Date "2022.05.31"]
[WhiteClock "0:00:05"]
[BlackClock "0:00:10"]

1. d4 Nf6 2. Nf3 d5 3. Bf4 c5 4. e3 e6 5. Nbd2 Bd6 6. dxc5 Bxc5 7. c4 O-O 8. Rc1 Be7 9. Bd3 Nc6 10. O-O a6 11. h3 dxc4 12. Nxc4 b5 13. Nce5 Nb4 14. Bb1 Bb7 15. Qe2 Rc8 16. a3 Nbd5 17. Bg3 Qb6 18. e4 Nc7 19. Bh4 Rcd8 20. Bg5 b4 21. a4 Qa5 22. b3 h6 23. Bf4 Rc8 24. Nc6 Bxc6 25. Rxc6 Na8 26. Rxa6 Qh5 27. Rc1 Rxc1+ 28. Bxc1 Rc8 29. Bd2 Bc5 30. Bd3 Nb6 31. Ra5 Nbd7 32. Rb5 Ne5 33. Nxe5 Qxe5 34. Bxb4 Qd4 35. Bxc5 Rxc5 36. Rxc5 Qxc5 37. Qe3 Qc3 38. Bc4 Qa1+ 39. Kh2 g6 40. e5 Nh5 41. g3 g5 42. Kg2 Ng7 43. Bd3 Ne8 44. Qe4 Nc7 45. Qh7+ Kf8 46. Qxh6+ Ke8 47. Qxg5 Nd5 48. Bb5+ Kf8 49. Qh6+ Ke7 50. Qh4+ Kf8 51. Qe4 Qb2 52. Bc4 Nc3 53. Qf3 Qd2 54. a5 Na2 55. a6 Qa5 56. Qb7 Kg7 57. a7 Nc3 58. a8=Q 1-0


[Site "https://www.chess.com"]

[Event "Titled Tuesday Blitz May 31 Late 2022"]
[White "Halkias, Stelios"]
[Black "Beulen, Marcel"]
[WhiteFideId "4201809"]
[BlackFideId "1001450"]
[WhiteElo "2453"]
[BlackElo "2362"]
[Result "1-0"]
[Round "02"]
[TimeControl "180+1"]
[Date "2022.06.01"]
[WhiteClock "0:00:12"]
[BlackClock "0:00:09"]

1. e4 d5 2. exd5 Qxd5 3. Nc3 Qa5 4. d4 Nf6 5. Bc4 Bg4 6. f3 Bf5 7. Ne2 e6 8. Bd2 c6 9. Ng3 Bg6 10. Nd5 Qd8 11. Nxf6+ gxf6 12. Be3 Nd7 13. O-O Bd6 14. Bb3 Qc7 15. Bf2 h5 16. Re1 O-O-O 17. Qe2 h4 18. Nf1 h3 19. g3 Kb8 20. Ne3 Nb6 21. a4 f5 22. a5 Nd5 23. Nc4 Be7 24. Ne5 Bh5 25. c4 Nf6 26. Be3 c5 27. Bf4 Bd6 28. Rec1 Nd7 29. Nd3 cxd4 30. Bxd6 Qxd6 31. c5 Qc6 32. Ba4 Qxf3 33. Qxf3 Bxf3 34. Bxd7 Rxd7 35. Ne5 Bc6 36. Nxd7+ Bxd7 37. a6 e5 38. axb7 Bc6 39. b4 Kxb7 40. b5 Bxb5 41. c6+ Bxc6 42. Rab1+ Kc7 43. Rc5 Re8 44. Ra5 Kd6 45. Rxa7 Re7 46. Ra5 d3 47. Rc1 e4 48. Ra6 Rc7 49. Kf2 Kd5 50. Ke3 f6 51. Ra5+ Kd6 52. Rxf5 Bd7 53. Rxf6+ Ke7 54. Rxc7 Kxf6 55. Rxd7 1-0


[Site "https://www.chess.com"]

[Event "Titled Tuesday Blitz May 31 Late 2022"]
[White "Hansen, Eric"]
[Black "Ezat, Mohamed"]
[WhiteFideId "2606771"]
[BlackFideId "10600906"]
[WhiteElo "2568"]
[BlackElo "2386"]
[Result "1-0"]
[Round "02"]
[TimeControl "180+1"]
[Date "2022.05.31"]
[WhiteClock "0:01:39"]
[BlackClock "0:00:28"]

1. d4 Nf6 2. c4 g6 3. Nc3 Bg7 4. Bg5 d6 5. Rc1 O-O 6. e4 h6 7. Bh4 Nbd7 8. Bd3 a6 9. f3 c5 10. d5 Ne5 11. b3 b5 12. Nge2 e6 13. O-O b4 14. Na4 exd5 15. cxd5 Bd7 16. Nb2 Bb5 17. Nc4 Nxd3 18. Qxd3 Qc7 19. Qd2 Nd7 20. Bg3 Bxc4 21. Rxc4 a5 22. Nd4 Qb6 23. Nc6 Rae8 24. Bxd6 a4 25. f4 axb3 26. axb3 Bc3 27. Qd3 Qb5 28. Rxc3 1-0


[Site "https://www.chess.com"]

[Event "Titled Tuesday Blitz May 31 Late 2022"]
[White "Hasangatin, Ramil"]
[Black "Jobava, Baadur"]
[WhiteFideId "4122160"]
[BlackFideId "13601520"]
[WhiteElo "2399"]
[BlackElo "2617"]
[Result "0-1"]
[Round "02"]
[TimeControl "180+1"]
[Date "2022.05.31"]
[WhiteClock "0:00:01"]
[BlackClock "0:00:04"]

1. e4 c6 2. Nf3 d5 3. d3 Bg4 4. h3 Bh5 5. Qe2 dxe4 6. dxe4 e5 7. g3 Nf6 8. Nbd2 Nbd7 9. Bg2 Bc5 10. O-O O-O 11. Nb3 Bb6 12. a4 a5 13. Bd2 Qc7 14. Bc3 Rfe8 15. Rad1 Nc5 16. Nxc5 Bxc5 17. Kh1 Bg6 18. Nh4 Bb4 19. Bxb4 axb4 20. b3 Rad8 21. Qc4 Qb6 22. Kg1 Bh5 23. Bf3 Bg6 24. Kg2 Kf8 25. Rfe1 Ke7 26. Nxg6+ hxg6 27. h4 Kf8 28. Rh1 Rd4 29. Rxd4 Qxd4 30. Qxd4 exd4 31. Rd1 Rd8 32. a5 Ne8 33. Kf1 Nc7 34. Ke2 Ke7 35. Kd3 Nb5 36. Kc4 Na3+ 37. Kd3 Ra8 38. Rd2 Nb5 39. Kc4 Rxa5 40. Kxb4 Ra2 41. Be2 Na3 42. Kc5 Nb1 43. Rd1 Nc3 44. Re1 Rxc2 45. Bc4 Rd2 46. Kb6 f6 47. Kxb7 Kd6 48. f4 c5 49. e5+ Ke7 50. Kc6 f5 51. Kxc5 Ne4+ 52. Kd5 d3 53. Ra1 Rb2 54. Ra7+ Kd8 55. e6 d2 56. e7+ Ke8 0-1


[Site "https://www.chess.com"]